Map: Ulrena

Players

Jage - Winner!

  • Race: Protoss Protoss
  • League: Master

oliM

  • Race: Protoss Protoss
  • League: Grandmaster

VOD

Have the link to the VOD?

Description

Time

  • Played on: March 23, 2016, 2:23 a.m.
  • Length: 9:16
Show
View Real Time Build Order
Export as new Build Order

Jage Protoss - Winner!

Build Orders: Oracle Opening 

Get SALT Encoding   

  12  0:00  Probe (Chrono Boost)  
  13  0:11  Probe (Chrono Boost)  
  14  0:18  Pylon  
  14  0:21  Probe (Chrono Boost)  
  15  0:36  Gateway, Probe (Chrono Boost)  
  15  0:42  Assimilator  
  16  0:47  Probe (Chrono Boost)  
  17  0:51  Assimilator  
  17  0:57  Probe (Chrono Boost)  
  18  1:08  Probe (Chrono Boost)  
  18  1:10  Gateway  
  19  1:19  Probe (Chrono Boost)  
  20  1:26  Cybernetics Core  
  20  1:32  Probe (Chrono Boost)  
  21  1:42  Probe (Chrono Boost)  
  22  1:50  Pylon  
  22  1:53  Probe (Chrono Boost)  
  23  2:03  Warp Gate  
  25  2:08  Mothership Core (Chrono Boost)  
  25  2:09  Stalker  
  25  2:13  Stalker  
  29  2:26  Pylon  
  29  2:34  Probe (Chrono Boost)  
  30  2:44  Stalker  
  30  2:45  Stalker  
  33  2:54  Stargate  
  33  3:14  Stalker  
  33  3:15  Stalker  
  33  3:17  Pylon  
  35  3:37  Oracle (Chrono Boost)  
  34  3:57  Stalker x2  
  36  4:10  Nexus  
  33  4:38  Stalker x2  
  33  4:44  Probe  
  39  4:46  Void Ray (Chrono Boost)  
  39  4:56  Probe  
  40  5:08  Probe  
  41  5:20  Probe  
  40  5:22  Mothership Core (Chrono Boost)  
  40  5:25  Pylon  
  40  5:32  Probe (Chrono Boost)  
  40  5:35  Void Ray (Chrono Boost)  
  45  5:43  Probe (Chrono Boost)  
  45  5:44  Probe (Chrono Boost)  
  47  5:53  Robotics Facility  
  47  5:54  Probe x2 (Chrono Boost)  
  49  6:04  Probe (Chrono Boost)  
  49  6:05  Probe (Chrono Boost)  
  49  6:10  Sentry  
  49  6:11  Adept  
  52  6:14  Assimilator  
  52  6:15  Probe x2 (Chrono Boost)  
  52  6:17  Assimilator  
  55  6:25  Probe (Chrono Boost)  
  55  6:26  Pylon  
  55  6:27  Probe (Chrono Boost)  
  55  6:32  Void Ray  
  56  6:36  Probe (Chrono Boost)  
  56  6:37  Probe (Chrono Boost)  
  62  6:46  Immortal (Chrono Boost), Probe (Chrono Boost)  
  66  6:50  Probe  
  68  6:57  Probe  
  68  7:00  Sentry  
  71  7:02  Probe  
  71  7:08  Probe  
  72  7:11  Gateway  
  72  7:14  Gateway  
  73  7:28  Observer (Chrono Boost)  
  74  7:31  Void Ray  
  74  7:35  Pylon  
  74  7:36  Pylon  
  78  7:45  Pylon  
  78  7:47  Gateway  
  78  7:49  Gateway  
  78  7:54  Immortal (Chrono Boost)  
  82  7:58  Stalker x2  
  86  8:18  Pylon  
  84  8:31  Stalker x4  
  84  8:33  Immortal (Chrono Boost)  
  94  8:56  Adept x2  
  94  8:57  Adept x2  
Show
View Real Time Build Order
Export as new Build Order

oliM Protoss 

Build Orders:  

Get SALT Encoding   

  12  0:01  Probe (Chrono Boost)  
  13  0:12  Probe (Chrono Boost)  
  14  0:17  Pylon  
  14  0:22  Probe (Chrono Boost)  
  15  0:36  Probe (Chrono Boost)  
  15  0:38  Gateway  
  16  0:46  Probe (Chrono Boost)  
  16  0:49  Assimilator  
  17  0:54  Assimilator  
  18  0:57  Probe (Chrono Boost)  
  18  1:07  Probe (Chrono Boost)  
  19  1:13  Gateway  
  19  1:18  Probe (Chrono Boost)  
  20  1:30  Cybernetics Core  
  20  1:32  Probe (Chrono Boost)  
  21  1:42  Probe (Chrono Boost)  
  22  1:50  Pylon  
  22  1:53  Probe (Chrono Boost)  
  23  2:09  Mothership Core (Chrono Boost)  
  23  2:11  Stalker (Chrono Boost)  
  23  2:13  Stalker (Chrono Boost)  
  29  2:18  Warp Gate (Chrono Boost)  
  29  2:33  Pylon  
  29  2:42  Stalker (Chrono Boost)  
  33  2:53  Stalker (Chrono Boost)  
  33  3:16  Nexus  
  33  3:25  Stalker (Chrono Boost)  
  33  3:34  Probe  
  33  3:35  Stalker  
  31  4:00  Probe  
  28  4:12  Mothership Core (Chrono Boost)  
  28  4:14  Pylon  
  28  4:16  Stalker x2  
  34  4:23  Twilight Council  
  25  4:35  Probe (Chrono Boost)  
  25  4:47  Stalker  
  26  4:52  Stalker  
  26  4:58  Probe (Chrono Boost)  
  29  5:11  Stalker  
  31  5:16  Stalker  
  31  5:25  Probe x2 (Chrono Boost)  
  31  5:36  Probe (Chrono Boost)  
  31  5:37  Blink (Chrono Boost)  
  31  5:39  Probe (Chrono Boost)  
  33  5:46  Probe (Chrono Boost)  
  34  5:50  Probe (Chrono Boost)  
  35  5:57  Probe (Chrono Boost)  
  35  5:59  Probe (Chrono Boost)  
  37  6:08  Probe  
  37  6:09  Probe  
  39  6:13  Stalker  
  41  6:20  Probe x2  
  41  6:25  Sentry  
  45  6:30  Probe  
  47  6:32  Probe  
  47  6:40  Robotics Facility  
  47  6:41  Probe  
  47  6:44  Probe (Chrono Boost)  
  49  6:53  Probe (Chrono Boost)  
  50  6:54  Pylon  
  50  6:56  Probe (Chrono Boost)  
  50  6:59  Sentry  
  53  7:04  Probe (Chrono Boost)  
  53  7:07  Probe (Chrono Boost)  
  55  7:09  Gateway  
  55  7:14  Probe (Chrono Boost)  
  56  7:18  Probe (Chrono Boost)  
  57  7:25  Assimilator, Probe (Chrono Boost)  
  57  7:27  Assimilator  
  54  7:31  Templar Archives, Pylon  
  54  7:36  Zealot  
  56  7:43  Gateway  
  56  7:44  Gateway  
  56  7:46  Gateway  
  56  7:49  Probe (Chrono Boost)  
  57  7:52  Zealot  
  57  7:56  Probe (Chrono Boost)  
  58  7:59  Pylon  
  58  8:03  Stalker  
  56  8:15  Zealot x2  
  60  8:24  Gateway  
  60  8:25  Pylon  
  58  8:38  High Templar x2  
  58  8:40  Stalker x3  
  66  8:43  Archon  
  66  8:46  Pylon  
  66  8:54  Pylon  
  65  9:09  Stalker  
  52  9:10  Stalker  
Tags
 
Add a new tag
Caveats
  • Supply blocks, unpowered buildings, or Contaminate may cause inaccurate times.
  • Supply counts are checked every 10 seconds.